 Dungeon Crawl Stone Soup version 0.31.0-11-ge490571c62 (webtiles) character file.

Game seed: 8914371022687908989

1465 mopl the Carver (level 8, -1/64 HPs)
             Began as a Merfolk Fighter on Jan 31, 2024.
             Killed by divine providence
             ... invoked by Jeremiah
              (12 damage)
             ... on level 6 of the Dungeon.
             The game lasted 00:04:47 (4642 turns).

mopl the Carver (Merfolk Fighter)                   Turns: 4642, Time: 00:04:47

Health: -1/64      AC: 14    Str: 18    XL:     8   Next: 77%
Magic:  8/8        EV: 13    Int:  8    God:
Gold:   336        SH:  4    Dex: 13    Spells: 7/7 levels left

rFire   . . .        a - +1 long sword (protect)
rCold   . . .        c - +0 buckler
rNeg    . . .        m - +3 leather armour of the Storm King {rPois Slay+5 SInv}
rPois   +            (no helmet)
rElec   .            (no cloak)
rCorr   .            (no gloves)
SInv    +            C - +0 pair of boots
Will    .....        (no amulet)
Stlth   +            u - +4 ring of slaying
HPRegen 0.30/turn    (no ring)
MPRegen 0.11/turn

%: no passive effects
@: under a protective aura
A: (nimble swimmer 2), mertail
a: no special abilities


You were on level 6 of the Dungeon.
You visited 2 branches of the dungeon, and saw 7 of its levels.

You collected 336 gold pieces.

Inventory:

Hand Weapons
 a - a +1 long sword of protection (weapon)
 v - a +0 whip of venom
Armour
 c - a +0 buckler (worn)
 m - the +3 leather armour of the Storm King (worn) {rPois Slay+5 SInv}
   (You found it on level 2 of the Dungeon)

   Slay+5:    It affects your accuracy & damage with ranged weapons and melee
   (+5).
   rPois:     It protects you from poison SInv: It lets you see invisible.
 C - a +0 pair of boots (worn)
Jewellery
 u - a +4 ring of slaying (left hand)
Wands
 w - a wand of flame (25)
 A - a wand of roots (8)
Scrolls
 e - a scroll of fog {unknown}
 f - a scroll of noise {unknown}
 h - 3 scrolls of identify {unknown}
 j - 2 scrolls of blinking
 k - a scroll of silence {unknown}
 l - a scroll of immolation {unknown}
 o - 2 scrolls of amnesia {unknown}
 r - a scroll of enchant armour {unknown}
 s - 4 scrolls of teleportation
 y - a scroll of vulnerability {unknown}
Potions
 b - a potion of might
 d - a potion of haste {unknown}
 g - 2 potions of attraction {unknown}
 i - 2 potions of brilliance {unknown}
 n - 2 potions of berserk rage {unknown}
 p - a potion of curing {unknown}
 q - 2 potions of heal wounds {unknown}
 t - a potion of magic {unknown}
 x - a potion of mutation {unknown}
 z - a potion of resistance {unknown}
 B - a potion of degeneration {unknown}


   Skills:
 + Level 6.1 Fighting
 * Level 8.3 Long Blades
 + Level 4.1 Armour
 + Level 5.9 Dodging
 - Level 3.0 Shields


You had 7 spell levels left.
You didn't know any spells.
Your spell library contained the following spells:

 Spells                   Type           Power      Damage    Failure   Level
 Blink                    Tloc           0%         N/A       69%         2
 Lesser Beckoning         Tloc           0%         N/A       69%         2
 Momentum Strike          Conj/Tloc      0%         3d8       69%         2
 Brom's Barrelling Bould  Conj/Erth      0%         2d3       100%        4
 Fireball                 Conj/Fire      0%         3d3       100%        5
 Iskenderun's Battlesphe  Conj           0%         2d6       100%        5
 Conjure Ball Lightning   Conj/Air       0%         3x3d6     100%        6
 Orb of Destruction       Conj           0%         9d5       100%        7


Dungeon Overview and Level Annotations

Branches:
Dungeon (6/15)             Temple (1/1) D:5

Altars:
Cheibriados
Fedhas
Gozag
Hepliaklqana
Kikubaaqudgha
Ru
Sif Muna
Trog
Uskayaw
Vehumet
Wu Jian
Xom
Yredelemnul
Zin
The Shining One

Annotations:
D:6 Jeremiah, Pikel


Innate Abilities, Weirdness & Mutations

((You are very nimble when in or above water. (Stealth+, EV+, Speed+++)))
Your lower body shifts to a powerful aquatic tail in water.


Message History

Pikel burns you.
You hit Pikel.
Pikel is moderately wounded.
Pikel hits you with a +2 whip of flaming.
Pikel burns you.
Jeremiah mumbles a slurred invocation.
Something smites you!
You slash Pikel!
Pikel is heavily wounded.
Pikel hits you but does no damage.
You closely miss Pikel.
Pikel is heavily wounded.
Pikel misses you.
You slash Pikel!
Pikel is severely wounded.
Pikel hits you but does no damage.
You hit Pikel but do no damage.
Pikel is severely wounded.
The butterfly disappears in a burst of colours!
Pikel hits you but does no damage.
You hit Pikel but do no damage.
Pikel is severely wounded.
Pikel misses you.
Jeremiah yawns.
You slash Pikel!
Pikel is almost dead.
The butterfly disappears in a burst of colours!
Pikel hits you with a +2 whip of flaming.
Pikel burns you.
* * * LOW HITPOINT WARNING * * *
You hit Pikel.
Pikel is almost dead.
Pikel hits you with a +2 whip of flaming.
* * * LOW HITPOINT WARNING * * *
Pikel burns you.
* * * LOW HITPOINT WARNING * * *
Jeremiah cries, "Fearful master, protect me!"
Something smites you!
You die...
Jeremiah asks, "What happened?
Did... did you die?"

..... .. #...# .#
#.b.# .# ###.b.# .#
.b.F.# .# . #...# .#
...
#########F5###.#.....
+.......bb55K@.......
######.#bb###.#..#..
###.#....#.# #
###...##..##.#
###...#..#...#.#
####...####.##..#.#
.....### ..#.....
.##.## #.##...#
..#..# ..


You could see Jeremiah, Pikel and 3 lemures.

Vanquished Creatures
  Grinder (D:5)
  A wyvern (D:6)
  Menkaure (D:5)
  An acid dragon (D:5)
  Duvessa (D:4)
  A black bear (D:4)
  An ogre (D:5)
  A lemure (D:6)
  A kobold brigand (D:6)
  Dowan (D:4)
  A howler monkey (D:6)
  2 jellies (D:5)
  A bombardier beetle (D:6)
  3 hounds
  An orc priest (D:3)
  3 iguanas (D:5)
  A sleepcap (D:5)
  An orc wizard (D:3)
  An adder (D:3)
  2 white imps
  2 ufetubi (D:6)
  2 dart slugs
  A ribbon worm (D:2)
  7 orcs
  7 ball pythons
  8 bats
  3 endoplasms
  7 giant cockroaches
  5 goblins
  6 hobgoblins
  4 jackals (D:3)
  A quokka (D:4)
  3 frilled lizards
  12 kobolds
  6 rats
100 creatures vanquished.

Vanquished Creatures (others)
  A human (D:3)
1 creature vanquished.

Grand Total: 101 creatures vanquished

Notes
Turn   | Place    | Note
-------+----------+-------------------------------------------
     0 | D:1      | mopl the Merfolk Fighter began the quest for the Orb.
     0 | D:1      | Reached XP level 1. HP: 18/18 MP: 1/1
   149 | D:1      | Reached XP level 2. HP: 18/24 MP: 2/2
   201 | D:1      | Reached skill level 1 in Dodging
   219 | D:1      | Reached skill level 3 in Long Blades
   409 | D:1      | Reached XP level 3. HP: 29/29 MP: 3/3
   534 | D:2      | Identified the +3 leather armour of the Storm King {rPois
                  | Slay+5 SInv}
  1241 | D:3      | Reached XP level 4. HP: 36/37 MP: 4/4
  1250 | D:3      | Reached skill level 4 in Long Blades
  1309 | D:3      | Found an ornate altar of the Wu Jian Council.
  1376 | D:3      | Reached XP level 5. HP: 42/42 MP: 5/5
  1404 | D:3      | Found a basalt altar of Yredelemnul.
  1434 | D:3      | Found a glowing golden altar of the Shining One.
  1519 | D:3      | Found an ancient bone altar of Kikubaaqudgha.
  1534 | D:3      | Noticed a human
  1535 | D:3      | Killed a human
  1652 | D:3      | Found an opulent altar of Gozag.
  1858 | D:4      | Found a bloodstained altar of Trog.
  1926 | D:4      | Identified the +0 leather armour of Compression {Rampage}
  1985 | D:4      | Found a sacrificial altar of Ru.
  2084 | D:4      | Noticed a black bear
  2092 | D:4      | Killed a black bear
  2093 | D:4      | Reached skill level 5 in Long Blades
  2093 | D:4      | Reached XP level 6. HP: 41/49 MP: 6/6
  2156 | D:4      | Noticed Dowan
  2165 | D:4      | Noticed Duvessa
  2173 | D:4      | Killed Duvessa
  2220 | D:4      | Killed Dowan
  2650 | D:5      | Entered Level 5 of the Dungeon
  2680 | D:5      | Reached skill level 6 in Long Blades
  2680 | D:5      | Reached XP level 7. HP: 42/55 MP: 7/7
  2785 | D:5      | Noticed Grinder
  2794 | D:5      | Paralysed by Grinder for 4 turns
  2799 | D:5      | Killed Grinder
  2800 | D:5      | Reached skill level 5 in Fighting
  3096 | D:5      | Reached skill level 7 in Long Blades
  3096 | D:5      | Reached XP level 8. HP: 63/63 MP: 8/8
  3191 | D:5      | Noticed Menkaure
  3215 | D:5      | Killed Menkaure
  3216 | D:5      | Reached skill level 5 in Dodging
  3451 | D:5      | Found a staircase to the Ecumenical Temple.
  3460 | Temple   | Entered the Ecumenical Temple
  4242 | D:6      | Found a radiant altar of Vehumet.
  4432 | D:6      | Noticed a wyvern
  4435 | D:6      | Killed a wyvern
  4436 | D:6      | Reached skill level 8 in Long Blades
  4617 | D:6      | Noticed Pikel
  4620 | D:6      | Noticed Jeremiah
  4642 | D:6      | Killed from afar by Jeremiah

Illustrated notes

Levels and vault maps discovered:
D:1:      mainiacjoe_arrival_oval_in_oval, layout_rooms
D:2:      layout_loops_cross
D:3:      layout_basic, yredelemnul_altar_generic, marbit_many_paths,
          pf_just_have_faith, tgw_kikubaaqudgha, mainiacjoe_overflow_alcove_1
D:4:      layout_loops_corners, mainiacjoe_overflow_boulevard,
          trog_three_pillars_becter, uniq_duvessa
D:5:      kb_forest_paths, layout_layer_cave,
          minmay_temple_entry_statues_fountains, uniq_menkaure, uniq_grinder
D:6:      minmay_skewed_foursquare, layout_basic,
          mainiacjoe_overflow_six_doors_small, vehumet_crystals,
          uniq_crazy_yiuf_cottage, uniq_jeremiah, uniq_pikel
Temple:   hellmonk_temple_two_chambers

Skill      XL: |  1  2  3  4  5  6  7  8 |
---------------+-------------------------+-----
Dodging        | 1 2 3 4 5 |  5.9
Long Blades    | 3 4 5 6 7 8 |  8.3
Fighting       | 4 5 6 |  6.1
Armour         | 3 4 |  4.1
Shields        | |  3.0

Action                     |  1- 3 |  4- 6 |  7- 9 || total
---------------------------+-------+-------+-------++-------
  Melee: Long sword        |    86 |    73 |   107 ||   266
    Use: Scroll            |     1 |       |     1 ||     2
   Stab: Sleeping          |     1 |       |     2 ||     3
 Armour: Scale mail        |    43 |       |       ||    43
         Leather armour    |    20 |    60 |    56 ||   136
  Dodge: Dodged            |    39 |    43 |    48 ||   130
  Block: Buckler           |    15 |    23 |    11 ||    49
